[Event "Late-Titled-Tuesday-Blitz-May-07-2024"]
[Site "Chess.com"]
[Date "2024.05.07"]
[Round "8"]
[White "PhileKhoob"]
[Black "zverr1"]
[Result "1-0"]
[WhiteElo "2350"]
[BlackElo "2493"]
[TimeControl "180+1"]
[EndTime "15:29:58 PDT"]
[Termination "PhileKhoob won by checkmate"]

1. Nf3 d5 2. g3 Nf6 3. Bg2 Nbd7 4. d4 Nb6 5. O-O g6 6. a4 a5 7. b3 Bg7 8. Nbd2 O-O 9. Bb2 Bf5 10. Nh4 Be6 11. e4 dxe4 12. Nxe4 Nxe4 13. Bxe4 Bd5 14. Qe2 Bxe4 15. Qxe4 Nd5 16. c3 c6 17. Ng2 Re8 18. Ne3 e6 19. Nc4 Qc7 20.
Rac1 b5 21. Ne5 bxa4 22. bxa4 Rab8 23. Ba1 Rb3 24. c4 Nb4 25. Rfd1 Qd6 26. Qf4 Qe7 27.
Rb1 Ra3 28. Bb2 Rxa4 29. Bc3 f6 30. Nf3 Na2 31. Be1 Rxc4 32. Bxa5 Qa3 33. Be1 e5 34. Qe4 f5 35. Qe2 Ra4 36. Nxe5 Bxe5 37. dxe5 Qe7 38. Qe3 Qe6 39. f4 Re4 40. Qf3 g5 41. Bd2 g4 42. Qf2 Rd8 43. Be1 Ra8 44. Ra1 Rea4 45. Rd2 h5 46. h3 h4 47. gxh4 Ra3 48. hxg4 fxg4 49. f5 Qxe5 50. Rad1 Qe4 51. Re2 Qc4 52. Qg2 Kh7 53. Re7+ Kh6 54. Rd6+ Kh5 55. Rh7# 1-0

[Event "Late-Titled-Tuesday-Blitz-May-07-2024"]
[Site "Chess.com"]
[Date "2024.05.07"]
[Round "8"]
[White "KaydenTroffChess"]
[Black "mishanick"]
[Result "0-1"]
[WhiteElo "2881"]
[BlackElo "3061"]
[TimeControl "180+1"]
[EndTime "15:29:59 PDT"]
[Termination "mishanick won by resignation"]

1. d4 Nf6 2. Nf3 d5 3. Bf4 c5 4. e3 Nc6 5. Nc3 Bg4 6. dxc5 Rc8 7. Be2 e6 8. Ne5 Bxe2 9. Qxe2 Bxc5 10. Qb5 Qb6 11. Nd3 Qxb5 12. Nxb5 Be7 13. Nd6+ Bxd6 14. Bxd6 Ne4 15. Ba3 Na5 16. f3 Nf6 17. O-O-O Nc4 18.
Bc5 Nd7 19. Bd4 e5 20. b3 Na3 21. Kb2 exd4 22. Kxa3 dxe3 23. Rhe1 O-O 24. Nb4 Rfe8 25. Nxd5 Rxc2 26. Rxe3 Kf8 27. Rxe8+ Kxe8 28. Ne3 Re2 29. Rd3 Nc5 30. Rc3 Ne6 31. h4 Nd4 32. Kb4 g6 33.
Kc5 Ne6+ 34. Kd6 Rxa2 35. Nd5 Ra6+ 36. Ke5 Rc6 37. Rd3 Kf8 38. b4 Kg7 39. g4 a6 40.
g5 h6 41. f4 hxg5 42. hxg5 Nc7 43. Nf6 Re6+ 44. Kd4 Rd6+ 45. Ke4 Rxd3 46. Kxd3 Ne6 47. Nd5 Kf8 48. Kc4 Ke8 49. b5 axb5+ 50. Kxb5 Kd7 51. Kb6 Kd6 52. Nf6 Nxf4 53. Kxb7 Ne6 54. Nh7 Ke5 55.
Kb6 Kf5 56. Kc6 Nxg5 57. Nf8 Ne6 58. Nd7 g5 59. Kd5 g4 60. Ne5 g3 61. Nf3 Kf4 62. Ng1 Ke3 63. Ke5 g2 64. Kf6 Nf4 65.
Kxf7 Kf2 0-1

[Event "Late-Titled-Tuesday-Blitz-May-07-2024"]
[Site "Chess.com"]
[Date "2024.05.07"]
[Round "8"]
[White "Maitreia"]
[Black "Alex_Sahakyan2006"]
[Result "0-1"]
[WhiteElo "2704"]
[BlackElo "2848"]
[TimeControl "180+1"]
[EndTime "15:29:59 PDT"]
[Termination "Alex_Sahakyan2006 won by checkmate"]

1. c4 Nf6 2. Nc3 g6 3. g3 Bg7 4.
Bg2 O-O 5. Nf3 c5 6. O-O Nc6 7. d3 d6 8. a3 Rb8 9. Rb1 Ne8 10. Bd2 a5 11. Ne1 e5 12. Nc2 f5 13. b4 axb4 14.
axb4 Bd7 15. bxc5 dxc5 16. Ne3 Nd6 17. Ned5 e4 18. Bf4 Be5 19. dxe4 Nxc4 20. Qb3 N6a5 21. Qa2 Bxf4 22. Nxf4 b5 23. exf5 Rxf5 24. Rfd1 Qe8 25. Bd5+ Kg7 26. e4 Rf8 27. Qa1 Kh6 28. Nce2 Bg4 29.
Rd3 Qe5 30. f3 Bc8 31. Qa2 g5 32. Ng2 Bh3 33. f4 Qg7 34. fxg5+ Qxg5 35. Nef4 Bg4 36. Qf2 Qe5 37. Qxc5 Rbe8 38. Qxb5 Rb8 39. Qa6+ Rf6 40. Qxf6+ Qxf6 41. Rxb8 Qa1+ 42. Kf2 Qa2+ 43. Ke1 Ne5 44. Rb6+ Kg7 45. Rd2 Nf3+ 46. Ke2 Qxd2+ 47. Kf1 Nxh2+ 48. Kg1 Nf3+ 49. Kf1 Qd1+ 50. Kf2 Qd4+ 51. Ke2 Qxb6 52. Ne6+ Bxe6 53. Kxf3 Bxd5 54. exd5 Nc4 55. Nf4 Qe3+ 56.
Kg4 Ne5+ 57. Kf5 Nf7 58. d6 Qe5+ 59. Kg4 Qxd6 60. Nh5+ Kg8 61. Nf4 Ne5+ 62. Kf5 Ng6 63. g4 Qe5# 0-1

[Event "Late-Titled-Tuesday-Blitz-May-07-2024"]
[Site "Chess.com"]
[Date "2024.05.07"]
[Round "8"]
[White "TanitoluwaAps116"]
[Black "Gareth-Bale11"]
[Result "1/2-1/2"]
[WhiteElo "2745"]
[BlackElo "2891"]
[TimeControl "180+1"]
[EndTime "15:30:02 PDT"]
[Termination "Game drawn by repetition"]

1. e4 c5 2. Nf3 Nc6 3. Bb5 e6 4. Bxc6 bxc6 5. b3 e5 6. Nxe5 Qe7 7. d4 d6 8. Nxc6 Qxe4+ 9. Qe2 Qxe2+ 10. Kxe2 Bb7 11. d5 Kd7 12. c4 Bxc6 13. dxc6+ Kxc6 14. Nc3 Be7 15. Bf4 Bf6 16. Rad1 Re8+ 17. Kd3 Bxc3 18.
Kxc3 Re6 19. Rhe1 Rxe1 20. Rxe1 Nf6 21. Re7 Re8 22. Rxa7 Ne4+ 23. Kb2 Nxf2 24. Ra6+ Kc7 25. Rxd6 Re4 26. Bg3 Nh1 27. Rd3+ Kc6 28. Ka3 Re2 29.
Rd6+ Kc7 30. Bf4 Rf2 31. Rf6+ Kd7 32. Rxf7+ Ke6 33. Rf8 Ke7 34. Rc8 Rxf4 35. Rxc5 Nf2 36. Re5+ Kd6 37. Rd5+ Kc6 38. Kb4 Ng4 39. a4 Ne3 40.
Rc5+ Kb7 41. a5 Nxg2 42. Kb5 Rf7 43. a6+ Ka7 44. b4 Nf4 45. Ka5 Ne6 46. Rc6 Nd4 47. Rd6 Nf5 48. Rc6 Nd4 49. Rd6 Nf5 50. Rd5 Ne3 51. Rc5 Rf5 52. Rxf5 Nxf5 53. b5 g5 54. b6+ Kb8 55. c5 Nd4 56. Kb4 g4 57. Kc4 Nc6 58. Kb5 Nd4+ 59. Kc4 Nc6 60. Kb5 Nd4+ 61. Kc4 1/2-1/2

[Event "Late-Titled-Tuesday-Blitz-May-07-2024"]
[Site "Chess.com"]
[Date "2024.05.07"]
[Round "8"]
[White "pouya21"]
[Black "MITerryble"]
[Result "0-1"]
[WhiteElo "2857"]
[BlackElo "3033"]
[TimeControl "180+1"]
[EndTime "15:30:03 PDT"]
[Termination "MITerryble won by resignation"]

1. e4 e6 2. d4 d5 3. e5 c5 4. c3 Qb6 5. Nf3 Bd7 6. Bd3 Bb5 7. dxc5 Bxc5 8. b4 Be7 9. Be3 Qa6 10. Bxb5+ Qxb5 11.
a4 Qd7 12. O-O Qc7 13. Na3 a6 14. Qb3 Nc6 15. c4 Nxb4 16. cxd5 Nxd5 17. Rac1 Qd7 18.
Nc4 b5 19. axb5 Qxb5 20. Qc2 Nh6 21. Bxh6 gxh6 22. Qd2 O-O 23. Qxh6 Kh8 24. Nd6 Qd3 25. Ng5 Bxd6 26. exd6 Qg6 27. Qh4 Rg8 28. f4 f6 29. d7 fxg5 30. fxg5 Rad8 31. Rc6 Rxd7 32. Rxa6 Rdg7 33. g3 Re8 34. Re1 Qf5 35. Qd4 Kg8 36.
Re5 Qf7 37. Qe4 Rf8 38. Qe1 Nc7 39. Rc6 Qf3 40. Rc3 Qf7 41. Rc6 Qd7 42. Rc2 Qd4+ 43. Qe3 Qxe3+ 44. Rxe3 Re8 45. h4 Nd5 46. Re5 h6 47.
gxh6 Rxg3+ 48. Kh2 Rg6 49. Rce2 Nc7 50. Rg5 Kh7 51. Rf2 Re7 52. Kg3 Kxh6 53. Kg4 Nd5 54. Rf3 Reg7 55. Rxg6+ Rxg6+ 56. Kh3 Rf6 57. Ra3 Rf4 58. Ra8 Re4 59. Kg3 Kg6 60. Rg8+ Kf7 61. Ra8 Ne7 62. Ra7 Kf6 63. h5 Nf5+ 64. Kf3 Rh4 65.
Rh7 Kg5 0-1

[Event "Late-Titled-Tuesday-Blitz-May-07-2024"]
[Site "Chess.com"]
[Date "2024.05.07"]
[Round "8"]
[White "BardArtem"]
[Black "RuperezA"]
[Result "1-0"]
[WhiteElo "2787"]
[BlackElo "2652"]
[TimeControl "180+1"]
[EndTime "15:30:04 PDT"]
[Termination "BardArtem won by resignation"]

1. e4 e6 2. d4 d5 3. Nc3 Bb4 4. Ne2 dxe4 5. a3 Bxc3+ 6. Nxc3 Nc6 7. Bf4 Nge7 8. Qd2 Nd5 9. O-O-O Nxc3 10. Qxc3 O-O 11.
Qg3 Re8 12. Bb5 Qd5 13. c4 Qf5 14. Bxc6 bxc6 15. Bxc7 a5 16. Qe5 Ba6 17. Qxf5 exf5 18.
b3 a4 19. Kc2 e3 20. fxe3 Rxe3 21. Rd3 axb3+ 22. Rxb3 Re2+ 23. Kd3 Rxg2 24. Rhb1 h6 25. Rb8+ Rxb8 26. Rxb8+ Kh7 27. Rb6 Bc8 28. Rxc6 g5 29. Be5 Bb7 30. Rf6 Be4+ 31. Kc3 Kg8 32. Rxh6 Kf8 33. Bf6 Ke8 34. d5 f4 35. Rh8+ Kd7 36.
Rd8+ Kc7 37. d6+ Kc6 38. Be5 f3 39. Rc8+ Kd7 40. Rc7+ Ke6 41. Re7+ Kf5 42. d7 Rc2+ 43. Kb4 Rd2 44. Bc7 f6 45. Rf7 f2 46. Bd8 Kf4 47.
Rxf6+ Bf5 48. Bc7+ Kg4 49. h3+ Kxh3 50. Rxf5 Rxd7 51.
Bb6 g4 52. Rxf2 g3 53. Rf8 g2 54. Rh8+ Kg4 55. Rg8+ Kf3 56. Kb5 Rd3 57. a4 Rb3+ 58. Kc6 Rb4 59. a5 Rxc4+ 60. Kb7 1-0

[Event "Late-Titled-Tuesday-Blitz-May-07-2024"]
[Site "Chess.com"]
[Date "2024.05.07"]
[Round "8"]
[White "betta2004"]
[Black "jinxy2009"]
[Result "1/2-1/2"]
[WhiteElo "2476"]
[BlackElo "2295"]
[TimeControl "180+1"]
[EndTime "15:30:09 PDT"]
[Termination "Game drawn by stalemate"]

1. Nf3 Nf6 2. e3 g6 3. b3 Bg7 4.
Bb2 O-O 5. d4 d5 6. Nbd2 c6 7.
Bd3 Nbd7 8. O-O Re8 9. Ne5 Nxe5 10. dxe5 Ng4 11. Nf3 Qc7 12. e4 Nxe5 13. Nxe5 Bxe5 14.
Bxe5 Qxe5 15. exd5 Qxd5 16. Qe2 Bf5 17. Rad1 Bxd3 18.
Rxd3 Qa5 19. c4 Rad8 20. Re3 e6 21. f4 Rd2 22. Qg4 Qxa2 23. f5 Qc2 24. fxe6 f5 25.
Qg5 Re2 26. Re1 Rxe1+ 27. Rxe1 Qc3 28. Re3 Qd4 29. Kf1 Kg7 30. Rh3 Kg8 31. Re3 Qg7 32. Qf4 Qf6 33. Qd6 Qe7 34. c5 Kg7 35. Qd4+ Qf6 36. Qd7+ Re7 37. Qd6 f4 38. Re2 g5 39.
h3 f3 40. Rf2 fxg2+ 41. Kxg2 Qxe6 42. Qd4+ Qe5 43. Qd8 Qd5+ 44. Qxd5 cxd5 45. Rf5 Kg6 46. Rxd5 Re2+ 47. Kf3 Rc2 48. Rd6+ Kh5 49. Rd7 Rc3+ 50. Kg2 Rxb3 51. Rxh7+ Kg6 52. Rc7 Rb2+ 53. Kg3 Rb3+ 54. Kg4 Rb4+ 55. Kg3 a5 56. Rc8 a4 57. c6 bxc6 58.
Rxc6+ Kh5 59. Ra6 Rb3+ 60. Kg2 a3 61. Ra8 Kg6 62. Rg8+ Kf5 63. Ra8 Ke4 64. Ra4+ Kd3 65. Kg3 Kc2+ 66. Kg4 Kb2 67. Re4 a2 68. Re2+ Ka3 69.
Re1 Rb1 70. Re3+ Kb4 71. Re4+ Kb5 72. Re5+ Kc6 73. Ra5 a1=Q 74. Rxa1 Rxa1 75. Kxg5 Kd6 76. h4 Ke6 77. Kg6 Rg1+ 78. Kh6 Kf7 79. h5 Kg8 1/2-1/2

[Event "Late-Titled-Tuesday-Blitz-May-07-2024"]
[Site "Chess.com"]
[Date "2024.05.07"]
[Round "8"]
[White "NovakRatko"]
[Black "MuhittinBuker"]
[Result "1-0"]
[WhiteElo "2410"]
[BlackElo "2212"]
[TimeControl "180+1"]
[EndTime "15:30:11 PDT"]
[Termination "NovakRatko won on time"]

1. d4 Nf6 2. c4 e6 3. Bg5 d5 4. Nc3 Be7 5. e3 Nbd7 6. Bd3 c6 7. Nf3 h6 8. Bh4 O-O 9. O-O dxc4 10. Bxc4 Nd5 11.
Bg3 Nxc3 12. bxc3 c5 13. e4 Nb6 14. Bb3 Bd7 15. a4 Rc8 16. a5 Na8 17. d5 exd5 18. exd5 Bf6 19. Ne5 c4 20. Nxd7 Qxd7 21. Ba4 Qd8 22. Qd2 Nc7 23. Rfd1 a6 24. d6 Nb5 25.
Bxb5 axb5 26. d7 Ra8 27. Qd5 Rxa5 28. Qxb7 Rxa1 29. Rxa1 Bxc3 30. Rc1 Qa5 31. Bc7 Qa3 32.
Rf1 Bf6 33. Qxb5 c3 34. Qc6 Qb2 35. g3 c2 36. Kg2 Bg5 37. Bf4 Bd8 38. Bc1 Qb3 39. Be3 f5 40. Rc1 Rf7 41. Rxc2 Qd3 42. Rd2 Qe4+ 43. Qxe4 fxe4 44. Rd4 Kf8 45. Bf4 g5 46.
Bd6+ Kg7 47. Rxe4 Rxd7 48. Be5+ Bf6 49. Bxf6+ Kxf6 50. Re3 Rd6 51. Rf3+ Kg6 52. Rc3 Rb6 53. h3 Rf6 54. Rc2 Re6 55. Kf3 Rf6+ 56. Kg2 Re6 57. Rc4 Rf6 58. h4 Re6 59. hxg5 hxg5 60. Kh3 1-0

[Event "Late-Titled-Tuesday-Blitz-May-07-2024"]
[Site "Chess.com"]
[Date "2024.05.07"]
[Round "8"]
[White "SoCalJuniorChess"]
[Black "finec2"]
[Result "0-1"]
[WhiteElo "2176"]
[BlackElo "2280"]
[TimeControl "180+1"]
[EndTime "15:30:12 PDT"]
[Termination "finec2 won by resignation"]

1. d4 Nf6 2. Nc3 d5 3. Bf4 a6 4. Nf3 Bf5 5. e3 e6 6. Bd3 Bxd3 7. Qxd3 Bd6 8. Ne5 O-O 9. h3 c5 10. dxc5 Bxc5 11. O-O Nc6 12. Nxc6 bxc6 13. e4 a5 14.
Bg5 Be7 15. Rad1 Rb8 16. b3 Rb4 17. a3 Rb8 18. Qa6 h6 19. Bh4 g5 20. Bg3 Rc8 21. Qa7 Bxa3 22. e5 Nh5 23. Ne4 Be7 24. Bh2 Qc7 25. Qxc7 Rxc7 26. Nd6 Ra7 27. Rd4 Ng7 28. g4 Ne8 29. Nc8 Rc7 30. Nxe7+ Rxe7 31. Ra1 Ra7 32.
Rda4 Nc7 33. Rxa5 Rxa5 34. Rxa5 Ra8 35. Rc5 Ra6 36. f4 gxf4 37. Bxf4 Kg7 38. c4 Kg6 39. b4 Ra1+ 40. Kf2 Na6 41. Rxc6 Nxb4 42. cxd5 Nxd5 43. Bd2 Ra2 44. Ke1 Ra1+ 45. Ke2 Ra2 46. Kd3 Ra3+ 47. Ke2 Rxh3 48. Rc8 Rh2+ 49. Ke1 Rh1+ 50. Ke2 Rh2+ 51.
Ke1 Rh1+ 52. Ke2 Kh7 53. Rf8 Kg7 54. Ra8 Rh2+ 55. Ke1 Rg2 56. Ra4 Kg6 57. Re4 Ne7 58. Rd4 Nd5 59. Kf1 Rh2 60. Kg1 Rh4 61. Kg2 h5 62. g5 Rxd4 63. Be1 Re4 64. Bf2 Kxg5 0-1

[Event "Late-Titled-Tuesday-Blitz-May-07-2024"]
[Site "Chess.com"]
[Date "2024.05.07"]
[Round "8"]
[White "m_ezat"]
[Black "Slovafn"]
[Result "1-0"]
[WhiteElo "2577"]
[BlackElo "2421"]
[TimeControl "180+1"]
[EndTime "15:30:18 PDT"]
[Termination "m_ezat won on time"]

1. d4 Nf6 2. c4 c5 3. d5 g6 4. Nc3 Bg7 5. e4 d6 6. Be2 O-O 7. Bg5 h6 8. Bf4 e6 9. Qd2 exd5 10. exd5 Kh7 11. h3 Re8 12. Nf3 Ne4 13. Nxe4 Rxe4 14. O-O Qf6 15. Bg3 Qxb2 16. Qxb2 Bxb2 17. Rae1 Bc3 18. Bd3 Rxe1 19. Nxe1 Be5 20. Bxe5 dxe5 21. Nf3 f6 22. Nh4 f5 23. f3 Kg7 24. g4 Kf6 25. Kh2 Na6 26. Rg1 Nb4 27. Bb1 b5 28. a3 bxc4 29. axb4 cxb4 30. gxf5 g5 31. Ng2 a5 32.
Ne3 c3 33. Ng4+ Kg7 34. Be4 b3 35. d6 Rb8 36. Nxe5 a4 37. d7 Bxd7 38. Nxd7 Rd8 39. f6+ Kf7 40. Bd5+ Ke8 41. Bc6 a3 42. Nc5+ Kf7 43.
Nxb3 c2 44. Rc1 Rb8 45. Rxc2 Kxf6 46. Bd5 Rb5 47. Bc4 Rb4 48. Kg3 h5 49. Kf2 Kf5 50. Ke3 Ra4 51. Bd3+ Ke5 52. Ra2 Ra7 53. Nc5 Ra5 54. Ne4 g4 55. hxg4 h4 56. f4+ Ke6 57. Nc3 h3 58. Be4 Ra7 59. g5 h2 60. f5+ Ke7 61. f6+ Ke8 62. Nd5 Kf8 63. Bh1 Ra4 64. Be4 Rb4 65. Nxb4 1-0

[Event "Late-Titled-Tuesday-Blitz-May-07-2024"]
[Site "Chess.com"]
[Date "2024.05.07"]
[Round "8"]
[White "deathadder96"]
[Black "karinachess1"]
[Result "1/2-1/2"]
[WhiteElo "2834"]
[BlackElo "2596"]
[TimeControl "180+1"]
[EndTime "15:30:19 PDT"]
[Termination "Game drawn by stalemate"]

1. e4 e5 2. Nf3 Nc6 3. Bc4 Nf6 4. d3 h6 5. O-O d6 6. Re1 g5 7. Nc3 g4 8. Nd2 Bg7 9. Nf1 Be6 10. a4 Qd7 11. a5 a6 12. Nd5 Ne7 13. Nxe7 Qxe7 14.
Bxe6 fxe6 15. c4 O-O 16. Ra3 Qf7 17. Be3 h5 18. Rb3 c6 19. Rb6 Rad8 20. b4 Rb8 21.
b5 axb5 22. cxb5 Nd7 23. bxc6 Nxb6 24. axb6 bxc6 25. Qa4 c5 26. Qc6 Rfd8 27. Rb1 Qd7 28. Qc7 Rb7 29. Qxd7 Rdxd7 30. Nd2 Bf6 31. Nc4 Bd8 32.
f3 gxf3 33. gxf3 d5 34. Nxe5 Rg7+ 35. Kf1 Rxb6 36. Rc1 Rb2 37. Rxc5 Bb6 38. Rc8+ Kh7 39. d4 Rb3 40. Bf2 Rb1+ 41. Ke2 Rb2+ 42. Kf1 Rxf2+ 43.
Kxf2 Bxd4+ 44. Ke2 Bxe5 45. Re8 Bxh2 46. Rxe6 dxe4 47.
Rxe4 Bg3 48. f4 h4 49. Re5 Rf7 50. Rh5+ Kg6 51. Rg5+ Kh6 52. Rg4 Kh5 53. Kf3 Ra7 54. Rg5+ Kh6 55. Rg8 Rf7 56. Rg4 Rf5 57. Ke4 Rh5 58.
Kf3 h3 59. Rg5 h2 60. Rxh5+ Kxh5 61. Kg2 Bxf4 62. Kh1 Kg4 63. Kg2 Kh4 64. Kh1 Kh3 1/2-1/2

[Event "Late-Titled-Tuesday-Blitz-May-07-2024"]
[Site "Chess.com"]
[Date "2024.05.07"]
[Round "8"]
[White "Olkaa"]
[Black "Chessdude1987"]
[Result "1-0"]
[WhiteElo "2610"]
[BlackElo "2394"]
[TimeControl "180+1"]
[EndTime "15:30:22 PDT"]
[Termination "Olkaa won on time"]

1. e4 e6 2. d4 d5 3. Bd3 c5 4. exd5 exd5 5. Nf3 Nf6 6. O-O cxd4 7. Nxd4 Be7 8. h3 O-O 9. Nd2 Nc6 10. N2f3 Ne4 11.
Re1 Bf6 12. c3 Re8 13. Be3 Bd7 14. Bc2 Rc8 15. Bb3 Be6 16. Ba4 a6 17. Nxe6 fxe6 18. Nd2 Nd6 19. Bc2 g6 20. Rb1 Kg7 21. Nf3 Nc4 22. Bf4 e5 23. Bg3 e4 24. Nd2 N4e5 25. Nb3 Ne7 26. Nd4 Nf5 27. Bh2 Nxd4 28. cxd4 Nc6 29. Qd2 Nxd4 30. Bd1 Nf5 31. Bg4 Bg5 32. Qb4 Re7 33. Rbd1 d4 34. Bxf5 gxf5 35. Rxd4 Qe8 36. Qd6 Bf6 37. Rdd1 Rf7 38. Qg3+ Kh8 39. b3 Qe7 40.
Qf4 Bg7 41. Rd5 Rcf8 42. Red1 Qf6 43. Qe3 f4 44. Qxe4 f3 45. Be5 Qg5 46. Bxg7+ Qxg7 47. g3 Rf6 48. Rd7 R6f7 49. Rxf7 Qxf7 50. Qe5+ Qg7 51.
Qxg7+ Kxg7 52. Rd7+ Kg6 53. Rxb7 Rd8 54. g4 Rd1+ 55.
Kh2 Rd2 56. Kg3 Rxa2 57. Kxf3 Ra3 58. Kg3 a5 59. Rb6+ Kg7 60. Kh4 a4 61. bxa4 Rxa4 62. Kg5 Ra2 63. Rb7+ Kg8 64. f4 Ra6 65. f5 Rc6 66. h4 h6+ 67. Kh5 Kh8 68. Ra7 Kg8 69. g5 hxg5 70. hxg5 Kh8 71. f6 Kg8 72. Kg6 1-0

[Event "Late-Titled-Tuesday-Blitz-May-07-2024"]
[Site "Chess.com"]
[Date "2024.05.07"]
[Round "8"]
[White "Zhigalko_Sergei"]
[Black "Revan_2002"]
[Result "1-0"]
[WhiteElo "2888"]
[BlackElo "2732"]
[TimeControl "180+1"]
[EndTime "15:30:30 PDT"]
[Termination "Zhigalko_Sergei won by resignation"]

1. e4 e6 2. d4 d5 3. e5 c5 4. c3 Nc6 5. Nf3 Bd7 6. Be2 Rc8 7. O-O Nge7 8. Na3 Nf5 9. Nc2 cxd4 10. cxd4 a5 11.
Ne3 Be7 12. Bd3 Nb4 13. Bxf5 exf5 14. a3 f4 15. axb4 fxe3 16. bxa5 Bb5 17. Re1 exf2+ 18. Kxf2 O-O 19. Kg1 Qd7 20. Bg5 Bb4 21. Bd2 Be7 22.
h3 h6 23. Kh2 Qf5 24. Qb3 Qd7 25. Bb4 Bc4 26. Qa3 Bxb4 27. Qxb4 Rc6 28. Rac1 Rg6 29.
b3 Ba6 30. Qd2 Qb5 31. Re3 Rc6 32. Rxc6 Qxc6 33. Rc3 Qb5 34. Re3 Rc8 35. e6 fxe6 36. Ne5 Qf1 37. Rf3 Qe2 38. Qf4 Qe4 39.
Qf7+ Kh7 40. Rg3 Rg8 41. Nd7 Kh8 42. Nf8 Qf5 43. Ng6+ Kh7 44. Qxf5 exf5 45. Nf4 g5 46. Nxd5 f4 47. Nf6+ Kg7 48. Nh5+ Kg6 49. Nxf4+ Kf5 50. Nd5 Rd8 51. Ne3+ Ke4 52. Ng4 h5 53. Nf6+ Kf5 54.
Nxh5 Rxd4 55. Rf3+ Kg6 56. Nf6 Rb4 57. Ng4 Rb5 58.
Rf6+ Kg7 59. Rb6 Rxa5 60. Kg3 Ra2 61. Ne3 Re2 62. Nf5+ Kf7 63. Nd6+ Ke6 64. Nxb7+ Kd7 65. Rxa6 Kc7 66. Nc5 Re3+ 67. Kh2 Rc3 68. Ne4 Rc2 69. Rg6 Kb7 70. Rg7+ Kb6 71. Rxg5 Re2 72. Rg4 1-0

[Event "Late-Titled-Tuesday-Blitz-May-07-2024"]
[Site "Chess.com"]
[Date "2024.05.07"]
[Round "8"]
[White "ToddBryant"]
[Black "BabageldiAnnaberdiyev"]
[Result "1/2-1/2"]
[WhiteElo "2412"]
[BlackElo "2564"]
[TimeControl "180+1"]
[EndTime "15:30:33 PDT"]
[Termination "Game drawn by repetition"]

1. e4 c5 2. Nf3 d6 3. d4 cxd4 4. Nxd4 Nf6 5. Nc3 g6 6. Be3 Bg7 7. f3 O-O 8. Qd2 Nc6 9. Bc4 Ne5 10. Bb3 Bd7 11. O-O-O Rc8 12. Kb1 Nc4 13. Bxc4 Rxc4 14. g4 Re8 15. h4 h5 16. gxh5 Nxh5 17. Rdg1 Qa5 18. Rg5 Rc5 19. Nb3 Bxc3 20. bxc3 Qxc3 21. Bxc5 Qxd2 22. Nxd2 dxc5 23. Rxc5 Bc6 24. Nb3 Ng3 25. Rd1 f5 26. Rg1 f4 27. Rg5 Kf7 28. Nd4 e5 29. Nxc6 bxc6 30. R5xg3 fxg3 31. Rxg3 Rb8+ 32. Kc1 Rb4 33. h5 gxh5 34. Rg5 Ke6 35. Rxh5 Ra4 36.
Rh6+ Kd7 37. Kb2 Rb4+ 38. Kc3 Ra4 39. Kb3 Ra5 40. c4 Ra6 41. c5 Ra5 42. Rh7+ Ke6 43. Rc7 Rxc5 44. Rxa7 Rc1 45. Rh7 Rf1 46. Rh6+ Kd7 47.
Rh3 Kd6 48. a4 Kc5 49. a5 Kb5 50. Kc3 Kxa5 51. Kc4 Kb6 52. Rh5 Rxf3 53. Rxe5 Rf1 54. Re6 Rc1+ 55. Kb4 Rb1+ 56. Kc3 Kc5 57. Rh6 Re1 58. Kd3 Kb5 59. Rh5+ c5 60. Rg5 Kb4 61. Rg8 c4+ 62. Kc2 Re2+ 63. Kc1 Rxe4 64. Rg3 Rd4 65.
Kc2 Rf4 66. Rh3 Re4 67. Rg3 Re2+ 68. Kc1 Ra2 69. Rh3 Ra5 70. Rg3 Re5 71. Rf3 Rd5 72. Rg3 Rd3 73. Rxd3 cxd3 74. Kd2 Kc4 75. Kd1 Kd4 76.
Kd2 Ke4 77. Kd1 Ke3 78. Ke1 Kd4 79. Kd2 Kc4 80. Kd1 Kb3 81. Kd2 Kc4 1/2-1/2

[Event "Late-Titled-Tuesday-Blitz-May-07-2024"]
[Site "Chess.com"]
[Date "2024.05.07"]
[Round "8"]
[White "Felix-Rose"]
[Black "duone"]
[Result "0-1"]
[WhiteElo "2219"]
[BlackElo "2421"]
[TimeControl "180+1"]
[EndTime "15:30:36 PDT"]
[Termination "duone won on time"]

1. e4 c5 2. Nf3 d6 3. d4 cxd4 4. Nxd4 Nf6 5. Nc3 Nc6 6. Bg5 e6 7. Qd2 Be7 8. O-O-O Bd7 9. Kb1 a6 10. h4 b5 11. Nxc6 Bxc6 12. f3 h6 13. Be3 b4 14.
Ne2 a5 15. Nd4 Bd7 16. Nb5 d5 17. e5 Nh5 18. Qf2 g6 19. g4 Ng7 20. Bb6 Qc8 21. Nc7+ Kf8 22. Nxa8 Qxa8 23. Bc5 Qc6 24. Bxe7+ Kxe7 25. f4 Rc8 26. Bg2 Qc4 27. b3 Qc3 28. Rh3 Qc7 29.
Rc1 a4 30. Qd4 Qa5 31. h5 Ra8 32. Qb2 gxh5 33. f5 exf5 34. gxf5 Bxf5 35. Rg3 Ne6 36. Rd1 axb3 37. Rxb3 Rc8 38. Rxd5 Qc7 39. Rxb4 Bxc2+ 40. Ka1 Qc3 41. Qxc3 Rxc3 42. Kb2 Rg3 43. Rb7+ Kf8 44.
Kxc2 Rxg2+ 45. Rd2 Rg4 46. Rb3 Nd4+ 47. Kb2 Nxb3 48.
axb3 h4 49. Kc3 Ke7 50. b4 Ke6 51. b5 Kxe5 52. b6 Rg8 53. b7 Kf4 54. Rd7 h3 55.
Rxf7+ Ke5 56. Re7+ Kf6 57. Rh7 Kg6 58. Rc7 h2 59. Rc8 h1=Q 60. Rxg8+ Kh7 61. b8=Q Qc6+ 62. Kb4 Qe4+ 63. Ka5 Qd5+ 64. Kb4 Qxg8 65. Qh2 Qg4+ 66. Ka3 h5 67. Qc7+ Kg6 68. Ka2 h4 69. Qd6+ Kg5 70.
Qe7+ Kf4 71. Qb4+ Kg3 72. Qc3+ Qf3 73. Qe5+ Kg2 74. Qg5+ Qg3 75. Qd5+ Kh2 76. Qh5 h3 77. Qh8 Qg2+ 78. Kb3 Kh1 79. Qa1+ Qg1 80. Qa8+ Kh2 81. Kc4 Qg4+ 82. Kc3 Qg3+ 83. Kd4 Qf4+ 84. Kd3 Kg1 85. Qa1+ Qf1+ 86. Qxf1+ Kxf1 87. Ke3 h2 0-1

[Event "Late-Titled-Tuesday-Blitz-May-07-2024"]
[Site "Chess.com"]
[Date "2024.05.07"]
[Round "8"]
[White "Goryachkina"]
[Black "MathiasWomacka"]
[Result "1-0"]
[WhiteElo "2698"]
[BlackElo "2546"]
[TimeControl "180+1"]
[EndTime "15:30:41 PDT"]
[Termination "Goryachkina won on time"]

1. e4 c5 2. Nf3 d6 3. Bb5+ Nd7 4.
O-O a6 5. Bxd7+ Bxd7 6. c3 Nf6 7. Re1 g6 8. d4 Bg7 9. e5 dxe5 10. dxe5 Ng4 11.
h3 Nh6 12. Be3 Bc6 13. Qxd8+ Rxd8 14. Bxc5 Bxf3 15. gxf3 Nf5 16. Na3 Rd5 17. Bb6 Rxe5 18. Rxe5 Bxe5 19. Nc4 Bf6 20. Rd1 O-O 21. Rd7 Nh4 22.
Rxb7 Nxf3+ 23. Kg2 Ne1+ 24. Kf1 Nd3 25. Rd7 Rc8 26.
Rxd3 Rxc4 27. Ke2 e5 28. Be3 Kg7 29. Rd6 a5 30. Bd2 a4 31. b3 axb3 32. axb3 Rh4 33. b4 Rxh3 34. b5 Rh1 35. Be1 Be7 36. Rc6 Bd8 37. b6 Bxb6 38. Rxb6 h5 39. c4 Rh4 40.
Kd3 Rd4+ 41. Kc3 Rd1 42. Bd2 h4 43. Bg5 h3 44. Bf6+ Kh6 45. Rb8 Kh5 46. f3 g5 47.
Rh8+ Kg6 48. Bxe5 Rf1 49. c5 Rxf3+ 50. Kc4 Kf5 51. Bd6 g4 52. c6 Rf1 53. Bc5 Rc1+ 54. Kb5 Rb1+ 55. Ka6 Rc1 56. Kb6 Rb1+ 57. Ka7 Rc1 58.
Kb6 Rb1+ 59. Kc7 Rc1 60. Bd6 Ke4 61. Kd7 Kf3 62. c7 f5 63. c8=Q Rxc8 64. Rxc8 f4 65.
Rc3+ Ke4 66. Rc4+ Kf3 67. Rxf4+ Kg3 68. Rb4+ Kf3 69. Ke6 g3 70. Rb3+ Kg2 71. Bxg3 h2 72. Bxh2 Kxh2 73. Kf5 1-0

[Event "Late-Titled-Tuesday-Blitz-May-07-2024"]
[Site "Chess.com"]
[Date "2024.05.07"]
[Round "8"]
[White "Zampronha1971"]
[Black "sudtirolese06"]
[Result "1-0"]
[WhiteElo "2464"]
[BlackElo "2442"]
[TimeControl "180+1"]
[EndTime "15:30:55 PDT"]
[Termination "Zampronha1971 won by checkmate"]

1. e4 g6 2. d4 Bg7 3. Nc3 d6 4. Bg5 Nf6 5. Qd2 O-O 6. f4 c6 7. O-O-O b5 8. e5 Nd5 9. Nxd5 cxd5 10. Bxb5 Ba6 11. Bxa6 Nxa6 12. Kb1 Rb8 13. Nf3 Qb6 14. c3 dxe5 15. Nxe5 Rb7 16. Nd3 Rfb8 17. Rhe1 e6 18. g4 Nc7 19. Be7 Nb5 20. Bc5 Qa5 21. Ka1 Rd7 22.
h4 Nd6 23. Bxd6 Rxd6 24. f5 Ra6 25. a3 Rb3 26. Nb4 Rb6 27. Ka2 Qa4 28. Rc1 Bf8 29. Qc2 R3xb4 30. cxb4 Qa6 31. fxe6 fxe6 32. h5 Rxb4 33.
hxg6 Rxd4 34. gxh7+ Kg7 35. Qc3 Qc4+ 36. Qxc4 dxc4 37.
Rxe6 Kxh7 38. g5 Bg7 39. g6+ Kh6 40. Rh1+ Kg5 41. Rh7 Kf5 42. Ra6 Be5 43. Rf7+ Ke4 44. g7 Rd2 45. Rb7 Rg2 46. Raxa7 c3 47. g8=Q Rxg8 48.
bxc3 Rg2+ 49. Kb3 Rg3 50. Rc7 Bxc7 51. Rxc7 Kd5 52. Kb4 Kd6 53. Rc4 Rg1 54. a4 Rb1+ 55.
Ka5 Kd7 56. Ka6 Kd6 57. a5 Kd5 58. Rc8 Kd6 59. Ka7 Kd7 60. Rc4 Kd6 61. a6 Kd5 62.
Rc8 Rb3 63. Ka8 Ra3 64. a7 Rb3 65. Rb8 Rxc3 66. Rb2 Kc6 67. Kb8 Kd7 68. Rd2+ Ke7 69. a8=Q Rc7 70. Qb7 Rxb7+ 71. Kxb7 Ke6 72. Kc6 Ke5 73. Rd5+ Ke4 74. Kd6 Kf4 75. Re5 Kf3 76. Kd5 Kf4 77. Ke6 Kf3 78. Kf5 Kf2 79. Kf4 Kg2 80. Re2+ Kf1 81. Kf3 Kg1 82. Re6 Kf1 83. Re7 Kg1 84. Rh7 Kf1 85. Rh1# 1-0